 Dungeon Crawl Stone Soup version 0.18.1-48-g4cf74bf (webtiles) character file.

3334 aronpayne the Ducker (level 9, -2/71 HPs)
             Began as a Demonspawn Berserker on July 29, 2016.
             Was a Priest of Trog.
             Slain by PeterLawrence's ghost (4 damage)
             ... on level 7 of the Dungeon.
             The game lasted 00:34:50 (7054 turns).

aronpayne the Ducker (Demonspawn Berserker)         Turns: 7054, Time: 00:34:51

Health: -2/71      AC: 20    Str: 20    XL:     9   Next: 71%
Magic:  9/9        EV: 10    Int:  8    God:    Trog [***...]
Gold:   297        SH:  0    Dex: 20    Spells: 0 memorised, 8 levels left

rFire  . . .     SeeInvis +     u - +0 flail (protect)
rCold  . . .     Gourm    .     O - +0 plate armour
rNeg   . . .     Faith    .     (no shield)
rPois  .         Spirit   .     (helmet restricted)
rElec  .         Dismiss  .     i - +0 cloak
rCorr  .         Reflect  .     A - +0 pair of gloves
SustAt .         Harm     .     (no boots)
MR     .....                    (no amulet)
Stlth  ..........               o - ring of see invisible
                                j - +6 ring of dexterity

@: exhausted, slowed, very slow, not resistant to hostile enchantments,
extremely unstealthy
A: antennae 1, claws 1, nightstalker 3, rot immunity
a: Berserk, Trog's Hand, Burn Spellbooks, Renounce Religion


You were on level 7 of the Dungeon.
You worshipped Trog.
Trog was most pleased with you.
You were very hungry.

You visited 1 branch of the dungeon, and saw 7 of its levels.
You also visited: Ossuary.

You collected 297 gold pieces.

Inventory:

Hand Weapons
 u - a +0 flail of protection (weapon)
Armour
 d - a +0 scale mail
 i - a +0 cloak (worn)
 A - a +0 pair of gloves (worn)
 K - a steam dragon hide
 O - a +0 plate armour (worn)
Jewellery
 j - a +6 ring of dexterity (left hand)
 l - an uncursed ring of protection from magic
 m - an uncursed ring of poison resistance
 o - a ring of see invisible (right hand)
 y - an uncursed amulet of magic regeneration
Wands
 v - a wand of random effects (26/48)
Scrolls
 a - a scroll of fog {unknown}
 e - 3 scrolls of enchant weapon {unknown}
 h - 4 scrolls of noise {unknown}
 k - 3 scrolls of enchant armour {unknown}
 n - 4 scrolls of blinking {unknown}
 t - 2 scrolls of recharging {unknown}
 x - 8 scrolls of remove curse
 D - 2 scrolls of magic mapping {unknown}
 F - a scroll of summoning {unknown}
 H - a scroll of random uselessness {unknown}
 I - 2 scrolls of identify {unknown}
Potions
 b - 3 potions of curing {unknown}
 f - 2 potions of flight {unknown}
 g - a potion of haste {unknown}
 s - a potion of cure mutation {unknown}
 w - 3 potions of brilliance {unknown}
 z - a potion of beneficial mutation {unknown}
 B - 2 potions of resistance {unknown}
 C - 2 potions of agility {unknown}
 E - a potion of invisibility {unknown}
 G - a potion of lignification {unknown}
 M - a potion of magic {unknown}
Comestibles
 c - 5 bread rations
 p - 2 beef jerkies
 q - 3 meat rations
 r - a chunk of flesh
 N - 4 fruits


   Skills:
 + Level 6.9 Fighting
 + Level 7.2 Maces & Flails
 + Level 5.8 Armour
 + Level 7.4 Dodging


You had 8 spell levels left.
You didn't know any spells.

Dungeon Overview and Level Annotations

Branches:
Dungeon (7/15)             Temple (0/1) D:5

Altars:
Cheibriados
Gozag
Okawaru
Xom
Yredelemnul

Shops:
D:5 %

Annotations:
D:7 PeterLawrence's ghost, novice MiFi


Innate Abilities, Weirdness & Mutations

You have a pair of small antennae on your head.
You have sharp fingernails.
You are completely attuned to the shadows.
You are immune to rotting.


Message History

PeterLawrence's ghost hits you!
* * * LOW HITPOINT WARNING * * *
You hit PeterLawrence's ghost.
PeterLawrence's ghost is lightly damaged.
PeterLawrence's ghost hits you.
* * * LOW HITPOINT WARNING * * *
You sock PeterLawrence's ghost!
PeterLawrence's ghost is moderately damaged.
PeterLawrence's ghost hits you!
* * * LOW HITPOINT WARNING * * *
PeterLawrence's ghost hits you but does no damage.
You hit PeterLawrence's ghost.
PeterLawrence's ghost is moderately damaged.
PeterLawrence's ghost says, "I was once a great warrior, and I still am!"
PeterLawrence's ghost hits you but does no damage.
You hit PeterLawrence's ghost but do no damage.
PeterLawrence's ghost is moderately damaged.
PeterLawrence's ghost hits you but does no damage.
PeterLawrence's ghost hits you.
You die...

#.#.....#.###################
#.#.....#.##...........†.....
#.#.....#.##.###########.....
#.###.#.#.##.# #.....
#.#...#.#.##.####### #.....
#####.#.###.#.##.#.....#
#####.
......#...#.#.##.#.###.# .
......###.#.#.##W#.###.#####
).....# #.#.#.##@#.#........
......# #.#'#.##...#.##.....
......# #......#.###.#......
......# #......#.# #.#......
......# #......#####.#.#####
####### #....(.# #...#.#
#.#+#.######.#.# #..........#
########.###


You could see PeterLawrence's ghost.

Vanquished Creatures
  The ghost of TBriggs11TB the Fighter, a novice MiBe of Trog (D:6)
  The ghost of PeterLawrence the Cleaver, a novice MiFi (D:5)
  Prince Ribbit (D:7)
  The ghost of junkhipster the Shield-Bearer, an amateur GrFi (D:4)
  A steam dragon (D:6)
  2 ice beasts
  A phantom (D:4)
  A black bear (D:6)
  An orc warrior (D:7)
  3 ogres (D:6)
  3 giant frogs (D:6)
  3 water moccasin zombies (Ossuary)
  A killer bee (D:7)
  3 jellies (D:6)
  3 crimson imps (D:5)
  A centaur skeleton (D:6)
  2 orc priests
  A hound (D:4)
  3 orc wizards (D:7)
  Natasha (thrice) (D:3)
  6 worker ants
  2 big kobold zombies (Ossuary)
  A hound zombie (D:6)
  A hound skeleton (D:7)
  2 mummies (Ossuary)
  A howler monkey zombie (D:5)
  Robin (D:3)
  9 adders
  An ooze (D:2)
  7 adder zombies (Ossuary)
  2 adder skeletons
  A worm (D:3)
  2 dart slugs
  14 orcs
  3 ball pythons
  6 bats
  5 giant cockroaches
  3 gnoll zombies
  19 goblins
  11 hobgoblins
  5 jackals
  2 quokkas
  A giant cockroach zombie (D:5)
  4 giant newts
  8 hobgoblin zombies
  2 jackal skeletons
  5 kobolds
  5 kobold zombies (Ossuary)
  7 orc zombies (Ossuary)
  9 rats
181 creatures vanquished.

Notes
Turn   | Place    | Note
--------------------------------------------------------------
     0 | D:1      | aronpayne the Demonspawn Berserker began the quest for the Orb.
     0 | D:1      | Reached XP level 1. HP: 18/18 MP: 1/1
   509 | D:1      | Gained mutation: You are slightly more attuned to the shadows. [demonic ancestry]
   509 | D:1      | Reached XP level 2. HP: 16/24 MP: 2/2
  1180 | D:2      | Reached ** piety under Trog
  1180 | D:2      | Reached XP level 3. HP: 26/29 MP: 3/3
  1550 | D:3      | Noticed Robin
  1605 | D:3      | Killed Robin
  1605 | D:3      | Gained mutation: You have sharp fingernails. [demonic ancestry]
  1605 | D:3      | Reached XP level 4. HP: 35/35 MP: 4/4
  1806 | D:3      | Noticed Natasha
  1827 | D:3      | Killed Natasha
  2102 | D:3      | Noticed Natasha
  2121 | D:3      | Killed Natasha
  2121 | D:3      | Gained mutation: You are immune to rotting. [demonic ancestry]
  2121 | D:3      | Reached XP level 5. HP: 24/41 MP: 5/5
  2415 | D:3      | Noticed Natasha
  2423 | D:3      | Killed Natasha
  2423 | D:3      | Reached *** piety under Trog
  2731 | D:4      | Found a snail-covered altar of Cheibriados.
  2735 | D:4      | Found an opulent altar of Gozag.
  2913 | D:4      | Gained mutation: You are significantly more attuned to the shadows. [demonic ancestry]
  2913 | D:4      | Reached XP level 6. HP: 48/48 MP: 6/6
  3031 | D:4      | Noticed junkhipster's ghost (amateur GrFi)
  3057 | D:4      | Killed junkhipster's ghost
  3209 | D:4      | Found an iron altar of Okawaru.
  3253 | D:4      | Gained mutation: You have a pair of small antennae on your head. [demonic ancestry]
  3253 | D:4      | Reached XP level 7. HP: 29/54 MP: 7/7
  3932 | D:5      | Entered Level 5 of the Dungeon
  3964 | D:5      | Found Hemaw's Food Emporium.
  4187 | D:5      | Noticed PeterLawrence's ghost (novice MiFi)
  4211 | D:5      | Killed PeterLawrence's ghost
  4211 | D:5      | Reached skill level 5 in Dodging
  4264 | D:5      | Found a basalt altar of Yredelemnul.
  4325 | D:5      | Found a staircase to the Ecumenical Temple.
  4460 | D:5      | Gained mutation: You are completely attuned to the shadows. [demonic ancestry]
  4460 | D:5      | Reached XP level 8. HP: 61/61 MP: 8/8
  4620 | D:6      | Found a sand-covered staircase.
  4629 | D:6      | Reached skill level 5 in Maces & Flails
  4646 | Ossuary  | Entered an ossuary
  4818 | Ossuary  | Reached skill level 5 in Fighting
  5098 | D:6      | Found an opulent altar of Gozag.
  5375 | D:6      | Noticed TBriggs11TB's ghost (novice MiBe)
  5412 | D:6      | Killed TBriggs11TB's ghost
  5412 | D:6      | Reached skill level 5 in Armour
  5412 | D:6      | Reached XP level 9. HP: 58/69 MP: 9/9
  6155 | D:6      | Found a shimmering altar of Xom.
  6995 | D:7      | Noticed Prince Ribbit
  7004 | D:7      | Noticed PeterLawrence's ghost (novice MiFi)
  7035 | D:7      | Killed Prince Ribbit
  7052 | D:7      | HP: 1/71 [PeterLawrence's ghost (11)]
  7054 | D:7      | Slain by PeterLawrence's ghost

Skill      XL: |  1  2  3  4  5  6  7  8  9 |
---------------+----------------------------+-----
Dodging        | 2 3 4 5 6 7 |  7.4
Armour         | 2 3 4 5 |  5.8
Maces & Flails | 3 4 6 7 |  7.2
Fighting       | 4 6 |  6.9

Action                   |  1- 3 |  4- 6 |  7- 9 || total
-------------------------+-------+-------+-------++-------
Melee: Mace              |   120 |    83 |       ||   203
       Flail             |       |   132 |   528 ||   660
Invok: Trog's Hand       |     1 |     4 |     7 ||    12
       Berserk           |     1 |     2 |     6 ||     9
  Use: Scroll            |     2 |       |     2 ||     4
 Stab: Sleeping          |     1 |     5 |     8 ||    14
       Distracted        |       |     1 |     2 ||     3
  Eat: Meat ration       |     1 |       |     1 ||     2
       Chunk             |       |     6 |    13 ||    19
       Royal jelly       |       |       |     1 ||     1
Armor: Animal skin       |    16 |       |       ||    16
       Leather armour    |     6 |       |       ||     6
       Scale mail        |    11 |       |    62 ||    73
       Ring mail         |    17 |    81 |   138 ||   236
       Plate armour      |       |       |    24 ||    24
Dodge: Dodged            |    84 |   158 |   461 ||   703
